 Dungeon Sprint DCSS version 0.27.1-1-g398f81649c (webtiles) character file.

Game seed: 2518800007328151118

261 styxcanada the Unseen (level 5, -1/28 HPs)
             Began as a Spriggan Brigand on Sept 16, 2021.
             Was an Initiate of Gozag.
             Slain by a spriggan (7 damage)
             ... in the Dungeon (Sprint IV: "Fedhas' Mad Dash").
             The game lasted 00:02:14 (364 turns).

styxcanada the Unseen (Spriggan Brigand)             Turns: 364, Time: 00:02:16

Health: -1/28      AC:  3    Str:  7    XL:     5   Next: 96%
Magic:  6/6        EV: 20    Int: 12    God:    Gozag
Gold:   138        SH:  0    Dex: 18    Spells: 4/4 levels left

rFire    . . .     SeeInvis +   a - +2 dagger
rCold    . . .     Faith    .   (shield restricted)
rNeg     . . .     Spirit   .   b - +0 robe
rPois    .         Reflect  .   (helmet restricted)
rElec    .         Harm     .   c - +0 cloak
rCorr    .         Rampage  .   (gloves unavailable)
Will     .....     NoTele   +   (boots unavailable)
Stlth    ++++++....             m - amulet of invisibility {+Inv}
HPRegen  0.09/turn              (no ring)
MPRegen  0.10/turn              (no ring)

@: gold aura, very slightly contaminated, very quick
A: very small, no large weapons, unfitting armour, see invisible, speed 3
a: Renounce Religion, Evoke Invisibility, Potion Petition, Call Merchant, Bribe
Branch


You were in the Dungeon.
You worshipped Gozag.
Gozag was aware of your devotion.
You visited 1 branch You collected 138 gold pieces.

Inventory:

Hand Weapons
 a - a +2 dagger (weapon)
Missiles
 e - a curare-tipped dart (quivered)
Armour
 b - a +0 robe (worn)
 c - a +0 cloak (worn)
Jewellery
 l - an amulet of guardian spirit
 m - the amulet of invisibility (around neck) {+Inv}
   (You found it in the Dungeon)

   [amulet of nothing]

   +Inv:      It lets you turn invisible.
Scrolls
 k - a scroll of blinking
 n - a scroll of identify {unknown}
Potions
 f - a potion of curing
 g - a potion of heal wounds
 h - a potion of haste
 i - 2 potions of magic
 j - a potion of berserk rage


   Skills:
 * Level 3.4 Fighting
 + Level 3.2 Short Blades
 + Level 3.1 Throwing
 * Level 5.3 Dodging
 * Level 15.6 Stealth
 * Level 3.4 Evocations


You had 4 spell levels left.
You didn't know any spells.
Your spell library was empty.

Dungeon Overview and Level Annotations

Branches:
Dungeon (1/1)

Altars:
Cheibriados
Dithmenos
Elyvilon
Gozag
Hepliaklqana
Kikubaaqudgha
Makhleb
Nemelex Xobeh
Okawaru
Qazlal
Ru
Sif Muna
Trog
Uskayaw
Vehumet
Wu Jian
Xom
Yredelemnul
Zin
The Shining One
Beogh
Jiyva
Lugonu

Annotations:
D exclusion: oklob sapling


Innate Abilities, Weirdness & Mutations

You are very small and have problems with some larger weapons.
You are too small for most types of armour.
You have supernaturally acute eyesight. (SInv)
You cover ground extremely quickly. (Speed+++)


Message History

The poisoned dart barely misses the spriggan.
The spriggan completely misses you.
There is an open door here.
Throw: 4 darts (poison)
Press: ? - help, Q - select action, (/) - cycle Shift-Dir - straight line, f/p - spriggan
Aim: a spriggan, wielding a +0 short sword and wearing a +0 robe (36% to hit)
You throw a poisoned dart.
The poisoned dart barely misses the spriggan.
The poisoned dart closely misses the spriggan.
The spriggan closely misses you.
Throw: 3 darts (poison)
Press: ? - help, Q - select action, (/) - cycle Shift-Dir - straight line, f/p - spriggan
Aim: a spriggan, wielding a +0 short sword and wearing a +0 robe (36% to hit)
You throw a poisoned dart.
The poisoned dart closely misses the spriggan.
The spriggan blocks the poisoned dart.
You kill the spriggan!
The spriggan hits you with a +0 short sword.
* * * LOW HITPOINT WARNING * * *
There is an open door here.
There is an open door here.
An oklob sapling comes into view.
Marking area around an oklob sapling as unsafe for travelling.
Throw: 2 darts (poison)
Press: ? - help, Q - select action, (/) - cycle Shift-Dir - straight line, f/p - spriggan
Aim: a spriggan, wielding a +0 short sword and wearing a +0 robe (36% to hit)
You throw a poisoned dart. The poisoned dart misses the spriggan.
Throw: dart (poison)
Press: ? - help, Q - select action, (/) - cycle Shift-Dir - straight line, f/p - spriggan
Aim: a spriggan, wielding a +0 short sword and wearing a +0 robe (36% to hit)
You throw a poisoned dart.
The poisoned dart closely misses the spriggan.
Throw: 2 darts (curare)
Press: ? - help, Q - select action, (/) - cycle Shift-Dir - straight line, f/p - spriggan
Aim: a spriggan, wielding a +0 short sword and wearing a +0 robe (36% to hit)
You throw a curare-tipped dart.
The curare-tipped dart closely misses the spriggan.
The spriggan hits you with a +0 short sword!
You die...
Your body crumbles into a pile of gold.

##############################
#<..P#.....#.@...#.⌠._._._._.⌠
#PP..'.....'.#i..'$._._(_._(_.
#PPPP#.....#.#.(.#..._._._._..
###############'##.._._._._._.
..#._._._._._.⌠
$P(############# ##


$$$$ You could see a spriggan and an oklob sapling.

Vanquished Creatures
  2 scorpions (D)
  3 oklob saplings (D)
  A spriggan (D)
  A river rat (D)
  A rat (D)
8 creatures vanquished.

Notes
Turn   | Place    | Note
-------+----------+-------------------------------------------
     0 | D        | styxcanada the Spriggan Brigand began the quest for the
                  | Orb.
     0 | D        | Reached XP level 1. HP: 10/10 MP: 2/2
     9 | D        | Reached skill level 8 in Stealth
     9 | D        | Reached XP level 2. HP: 15/15 MP: 3/3
    22 | D        | Noticed an oklob sapling
    24 | D        | Killed an oklob sapling
    25 | D        | Reached skill level 10 in Stealth
    25 | D        | Reached XP level 3. HP: 18/18 MP: 4/4
    26 | D        | Noticed a scorpion
    26 | D        | Found the amulet of invisibility {+Inv}
    28 | D        | Killed a scorpion
    29 | D        | Reached skill level 12 in Stealth
    29 | D        | Reached XP level 4. HP: 23/23 MP: 5/5
    57 | D        | Found an opulent altar of Gozag.
    57 | D        | Found a hazy altar of Hepliaklqana.
    57 | D        | Found a burning altar of Makhleb.
    57 | D        | Found a sparkling altar of Nemelex Xobeh.
    57 | D        | Found a snail-covered altar of Cheibriados.
    57 | D        | Found a sacrificial altar of Ru.
    57 | D        | Found a shimmering blue altar of Sif Muna.
    57 | D        | Found a shimmering altar of Xom.
    57 | D        | Found a basalt altar of Yredelemnul.
    58 | D        | Found a viscous altar of Jiyva.
    58 | D        | Found a bloodstained altar of Trog.
    58 | D        | Found an ornate altar of the Wu Jian Council.
    59 | D        | Found an iron altar of Okawaru.
    59 | D        | Found a shadowy altar of Dithmenos.
    59 | D        | Found a glowing silver altar of Zin.
    60 | D        | Found an ancient bone altar of Kikubaaqudgha.
    60 | D        | Found a hide-covered altar of Uskayaw.
    61 | D        | Found a stormy altar of Qazlal.
    61 | D        | Found a white marble altar of Elyvilon.
    61 | D        | Found a glowing golden altar of the Shining One.
    62 | D        | Became a worshipper of Gozag Ym Sagoz the Greedy
    63 | D        | Found a corrupted altar of Lugonu.
    63 | D        | Found a radiant altar of Vehumet.
    72 | D        | Reached skill level 13 in Stealth
    72 | D        | Reached skill level 1 in Evocations
    72 | D        | Reached XP level 5. HP: 7/28 MP: 4/6
   318 | D        | Reached skill level 14 in Stealth
   326 | D        | Reached skill level 5 in Dodging
   326 | D        | Reached skill level 15 in Stealth
   364 | D        | Slain by a spriggan

Illustrated notes

Levels and vault maps discovered:
D:        dungeon_sprint_fedhas [sprint_temple]

Skill      XL: |  1  2  3  4  5 |
---------------+----------------+-----
Dodging        | 2 3 4 5 |  5.3
Stealth        | 8 10 12 13 15 | 15.6
Fighting       | 2 3 |  3.4
Short Blades   | 3 |  3.2
Evocations     | 1 3 |  3.4
Throwing       | 3 |  3.1

Action                   |  1- 3 |  4- 6 || total
-------------------------+-------+-------++-------
Melee: Dagger            |     4 |     9 ||    13
Throw: Dart              |       |     9 ||     9
 Abil: Evoke Invisibilit |       |     2 ||     2
 Stab: Sleeping          |     4 |     1 ||     5
       Invisible         |       |     2 ||     2
Dodge: Dodged            |       |     9 ||     9
